 Dungeon Crawl Stone Soup version 0.22.1-2-g9c5b331 (webtiles) character file.

138 Iscandelvey the Chopper (level 5, 39/39 HPs)
             Began as a Demonspawn Gladiator on Dec 4, 2018.
             Got out of the dungeon alive.
             The game lasted 00:04:47 (1643 turns).

Iscandelvey the Chopper (Demonspawn Gladiator)      Turns: 1643, Time: 00:04:48

Health: 39/39      AC:  4    Str: 15    XL:     5   Next: 1%
Magic:  5/5        EV: 13    Int:  9    God:
Gold:   50         SH:  0    Dex: 15    Spells: 4/4 levels left

rFire    . . .     SeeInvis .   a - +0 war axe
rCold    + . .     Gourm    .   (no shield)
rNeg     . . .     Faith    .   b - +0 leather armour
rPois    .         Spirit   .   (helmet restricted)
rElec    .         Reflect  .   (no cloak)
rCorr    .         Harm     .   (no gloves)
MR       .....                  m - +0 pair of boots
Stlth    +.........             (no amulet)
HPRegen  0.13/turn              (no ring)
MPRegen  0.09/turn              (no ring)

@: no status effects
A: horns 1, cold resistance 1, demonic guardian 1
a: no special abilities


You escaped.
You were not hungry.

You visited 1 branch of the dungeon, and saw 2 of its levels.

You collected 50 gold pieces.

Inventory:

Hand Weapons
 a - a +0 war axe (weapon)
Missiles
 d - 3 throwing nets (quivered)
Armour
 b - a +0 leather armour (worn)
 c - a +0 helmet
 m - a +0 pair of boots (worn)
Scrolls
 h - 3 scrolls of identify {unknown}
 i - 2 scrolls of remove curse {unknown}
 j - 5 scrolls of fear {unknown}
 k - a scroll of amnesia {unknown}
 l - a scroll of teleportation {unknown}
 o - a scroll of fog {unknown}
 r - a scroll of immolation {unknown}
Potions
 e - 2 potions of curing {unknown}
 n - 3 potions of heal wounds {unknown}
 p - a potion of lignification {unknown}
 q - a potion of mutation {unknown}
Comestibles
 f - 4 rations
 g - 3 chunks of flesh


   Skills:
 + Level 2.3 Fighting
 + Level 4.0 Axes
 + Level 1.7 Throwing
 + Level 1.8 Armour
 + Level 3.3 Dodging
 + Level 0.3 Stealth


You had 4 spell levels left.
You didn't know any spells.
Your spell library was empty.

Dungeon Overview and Level Annotations

Branches:
Dungeon (2/15)

Altars:
Ru


Innate Abilities, Weirdness & Mutations

You have a pair of small horns on your head.
Your flesh is cold resistant. (rC+)
A weak demonic guardian rushes to your aid.


Message History

This raw flesh tastes terrible.
You see here a ring mail.
You see here a club.
There is an open door here.
HP restored.
The demigod shouts!
The human shouts!
The centaur shouts!
The orc shouts!
The spriggan shouts!
The octopode shouts!
The felid hisses angrily.
The dwarf shouts!
The troll shouts!
The merfolk shouts!
The halfling shouts!
The demonspawn shouts!
There is an open door here.
There is a staircase leading out of the dungeon here.
Are you sure you want to leave the Dungeon?
This will make you lose the game!
You have escaped!

##### #.@.# #...#
###'### #6#.#f#
###.### #m#.#p#
###.###
##############T#.#e#
..........)..###.###


There were no monsters in sight!

Vanquished Creatures
  Natasha (twice) (D:2)
  An orc wizard (D:2)
  An adder (D:2)
  3 dart slugs (D:2)
  A giant cockroach (D:1)
  7 goblins (D:1)
  12 hobgoblins
  2 jackals (D:1)
  3 quokkas (D:2)
  2 ball pythons
  5 bats
  A frilled lizard (D:1)
  8 kobolds
  3 rats (D:1)
51 creatures vanquished.

Notes
Turn   | Place    | Note
-------+----------+-------------------------------------------
     0 | D:1      | Iscandelvey the Demonspawn Gladiator began the quest for
                  | the Orb.
     0 | D:1      | Reached XP level 1. HP: 16/16 MP: 1/1
     2 | D:1      | Noticed a demonspawn
     2 | D:1      | Noticed a vine stalker
     4 | D:1      | Noticed a merfolk
     4 | D:1      | Noticed a halfling
     6 | D:1      | Noticed a troll
     6 | D:1      | Noticed an elf
     8 | D:1      | Noticed an ogre
     8 | D:1      | Noticed a dwarf
    10 | D:1      | Noticed a felid
    12 | D:1      | Noticed a tengu
    12 | D:1      | Noticed a draconian
    14 | D:1      | Noticed a naga
    16 | D:1      | Noticed an octopode
    16 | D:1      | Noticed a gargoyle
    18 | D:1      | Noticed a spriggan
    20 | D:1      | Noticed a formicid
    20 | D:1      | Noticed a centaur
    22 | D:1      | Noticed a ghoul
    22 | D:1      | Noticed a human
    24 | D:1      | Noticed a minotaur
    24 | D:1      | Noticed a demigod
    26 | D:1      | Noticed a vampire
   157 | D:1      | Reached skill level 3 in Axes
   162 | D:1      | Gained mutation: Your flesh is cold resistant. (rC+)
                  | [demonic ancestry]
   162 | D:1      | Reached XP level 2. HP: 14/22 MP: 2/2
   669 | D:1      | Reached XP level 3. HP: 22/27 MP: 3/3
  1201 | D:2      | Found a sacrificial altar of Ru.
  1211 | D:2      | Reached skill level 1 in Armour
  1217 | D:2      | Gained mutation: A weak demonic guardian rushes to your
                  | aid. [demonic ancestry]
  1217 | D:2      | Reached XP level 4. HP: 11/33 MP: 4/4
  1488 | D:2      | Noticed Natasha
  1496 | D:2      | Killed Natasha
  1545 | D:2      | Noticed Natasha
  1554 | D:2      | Killed Natasha
  1554 | D:2      | Reached skill level 4 in Axes
  1554 | D:2      | Gained mutation: You have a pair of small horns on your
                  | head. [demonic ancestry]
  1554 | D:2      | Reached XP level 5. HP: 30/39 MP: 5/5
  1643 | D:$      | Got out of the dungeon alive.

Skill      XL: |  1  2  3  4 |
---------------+-------------+-----
Axes           | 3 4 |  4.0
Dodging        | 3 |  3.3
Armour         | 1 |  1.8
Fighting       | |  2.3
Throwing       | |  1.7
Stealth        | |  0.3

Action                   |  1- 3 |  4- 6 || total
-------------------------+-------+-------++-------
Melee: War axe           |   131 |    27 ||   158
 Stab: Sleeping          |     1 |       ||     1
       Paralysed         |       |     1 ||     1
  Eat: Chunk             |     1 |     2 ||     3
Armor: Leather armour    |    35 |     6 ||    41
Dodge: Dodged            |   100 |    25 ||   125
